Description

From uthermal's Terran School 27 - demolishing zerg early game

3CC followed by 2nd factory before starport for quick blue flame hellion and hellbat pressure.

This is the second replay uploaded with the youtube video

VOD

https://www.youtube.com/watch?v=fuoSX0VFoJ4&t=904s

Replay - 2020-11-17 - (T)wake VS (Z)Minatoeh

Build Order

Get SALT Encoding   

  12  0:00  SCV  
  13  0:12  SCV  
  14  0:16  Supply Depot  
  14  0:24  SCV  
  15  0:38  SCV  
  15  0:39  Barracks  
  16  0:42  Refinery  
  16  0:50  SCV  
  17  1:02  SCV  
  18  1:14  SCV  
  19  1:26  Orbital Command, Reaper  
  20  1:39  Command Center  
  20  1:46  Supply Depot  
  20  1:52  SCV  
  21  1:58  Marine  
  22  2:04  SCV  
  23  2:09  Factory  
  23  2:17  SCV  
  23  2:19  Barracks Reactor  
  25  2:43  Command Center  
  26  2:51  Orbital Command  
  27  3:01  Hellion x2  
  32  3:11  Factory  
  34  3:24  Hellion x2  
  38  3:31  Refinery  
  40  3:35  Marine  
  42  3:45  Hellion  
  45  3:54  Hellion, Orbital Command, Barracks Tech Lab  
  49  3:57  Factory Tech Lab  
  49  4:04  Supply Depot  
  49  4:08  Hellion  
  53  4:16  Hellion x2, Infernal Pre-Igniter  
  60  4:24  Marine  
  60  4:25  Stimpack  
  60  4:26  Supply Depot  
  60  4:30  Hellion  
  69  4:46  Supply Depot  
  69  4:49  Marine  
  74  4:55  Barracks x2  
  77  5:07  Marine  
  77  5:11  Orbital Command  
  84  5:15  Starport  
  84  5:20  Engineering Bay x2  
  85  5:27  Marine  
  89  5:29  Refinery x2  
  88  5:37  Siege Tank  
  93  5:43  Barracks Reactor x2, Factory Reactor  
  93  5:54  Marine  
  93  5:58  Barracks x2  
  89  6:10  Terran Infantry Weapons Level 1, Terran Infantry Armor Level 1  
  84  6:12  Marine  
  84  6:14  Siege Tank  
  84  6:16  Starport Reactor  
  77  6:27  Marine x2, Combat Shield  
  77  6:31  Refinery  
  90  6:46  Siege Tank  
  107  7:01  Barracks Reactor  
  109  7:04  Medivac, Armory  
  114  7:10  Medivac  
  123  7:21  Missile Turret x3  
  120  7:27  Siege Tank  
  124  7:34  Medivac  
  127  7:40  Medivac  
  131  7:47  Command Center  
  135  8:08  Widow Mine x2  
  145  8:19  Command Center  
Spawning Tool Build Advisor. Get it on Overwolf

Go to:

Details

  • Created by: eCakes
  • Published on: Dec 26, 2020
  • Modified on: Dec 26, 2020
  • Patch: 4.11.0
  • Difficulty: Medium
Show
View Real Time Build Order
Export as new Build Order

Comments (0)

There are no comments. Be the first!

Create an account to comment!